 Dungeon Crawl Stone Soup version 0.31.0-11-ge490571c62 (webtiles) character file.

Game seed: 6440187172349973073

393 Janerl the Cudgeller (level 6, -7/56 HPs)
             Began as a Minotaur Berserker on Feb 3, 2024.
             Was a Priest of Trog.
             Mangled by a sleepcap (16 damage)
             ... on level 5 of the Dungeon.
             The game lasted 00:13:14 (3409 turns).

Janerl the Cudgeller (Minotaur Berserker)           Turns: 3409, Time: 00:13:15

Health: -7/56      AC:  7    Str: 21    XL:     6   Next: 51%
Magic:  5/5        EV:  2    Int: 10    God:    Trog [***...]
Gold:   195        SH:  0    Dex: 12    Spells: 5/5 levels left

rFire   . . .        a - +0 mace
rCold   + . .        (no shield)
rNeg    . . .        g - +0 scale mail
rPois   .            (helmet restricted)
rElec   .            (no cloak)
rCorr   .            (no gloves)
SInv    .            (no boots)
Will    .....        (no amulet) Stlth
                     s - +6 ring of intelligence
HPRegen 0.29/turn    c - ring of protection from cold
MPRegen 0.09/turn

%: no passive effects
@: sleeping
A: horns 2, retaliatory headbutt
a: Renounce Religion, Berserk, Trog's Hand


You were on level 5 of the Dungeon.
You worshipped Trog.
Trog was most pleased with you.
You visited 1 branch of the dungeon, and saw 5 of its levels.

You collected 195 gold pieces.

Inventory:

Hand Weapons
 a - a +0 mace (weapon)
 r - a +1 hand axe of electrocution
Missiles
 t - 3 javelins (quivered)
 u - 3 boomerangs
Armour
 b - a +0 animal skin
 g - a +0 scale mail (worn)
Jewellery
 c - a ring of protection from cold (right hand)
 s - a +6 ring of intelligence (left hand)
 w - a ring of protection from cold
Scrolls
 d - a scroll of fog {unknown}
 e - 2 scrolls of immolation {unknown}
 i - a scroll of revelation {unknown}
 j - a scroll of enchant weapon {unknown}
 k - a scroll of torment {unknown}
 m - 2 scrolls of teleportation {unknown}
 n - 2 scrolls of poison {unknown}
 o - a scroll of brand weapon {unknown}
 p - a scroll of blinking {unknown}
 q - 2 scrolls of identify {unknown}
Potions
 f - a potion of curing {unknown}
 h - 3 potions of attraction {unknown}
 l - 2 potions of enlightenment {unknown}
 v - a potion of lignification {unknown}


   Skills:
 + Level 5.0 Fighting
 + Level 6.4 Maces & Flails
 + Level 1.1 Throwing
 + Level 4.2 Armour
 + Level 3.2 Dodging
 + Level 0.4 Stealth


You had 5 spell levels left.
You didn't know any spells.
Your spell library was empty.

Dungeon Overview and Level Annotations

Branches:
Dungeon (5/15)             Temple (0/1) D:4

Altars:
Uskayaw
Yredelemnul

Annotations:
D:4 3 runed translucent doors, puppykicker's ghost, amateur MfIE


Innate Abilities, Weirdness & Mutations

You have a pair of horns on your head.
You reflexively headbutt those who attack you in melee.


Message History

The orc misses you. You furiously retaliate!
You headbutt the orc.
You kill the orc!
Trog accepts your kill. The orc barely misses you.
You completely miss the orc.
The orc is severely wounded.
The orc closely misses you.
You hit the orc but do no damage. Your headbutt misses the orc.
The orc is severely wounded.
The orc misses you.
You hit the orc but do no damage. Your headbutt misses the orc.
The orc is severely wounded.
The orc closely misses you. You furiously retaliate!
You headbutt the orc!
You kill the orc!
Trog accepts your kill.
A centaur comes into view.
A jackal comes into view.
The centaur shouts!
The centaur wields a +0 orcbow.
The centaur shoots an arrow.
The arrow hits you!
The jackal moves out of view.
A jackal comes into view.
Things that are here:
a +0 trident; a +0 scale mail; an orc corpse The centaur shoots an arrow.
The arrow closely misses you.
The jackal moves out of view.
Items here: ))) †.
The centaur shoots an arrow.
The arrow hits you.
There is a stone staircase leading up, spattered with blood here.
Things that are here:
a +0 flail; an orc corpse; an adder corpse The centaur shoots an arrow.
The arrow hits you!
* * * LOW HITPOINT WARNING * * *
The sleepcap closely misses you. You furiously retaliate!
You headbutt the sleepcap. The sleepcap releases spores at you.
* * * LOW HITPOINT WARNING * * *
You are engulfed in a cloud of soporific spores!
You fall asleep.
The sleepcap releases spores at you!
You die...

#. #..h
.###...
..#.hh###
.........
#####..#.#...
#=...........
#..##c.......
##@f)).......
####...)....
.........
##........
.........
#########


You could see a sleepcap and a centaur.

Vanquished Creatures
  An ogre (D:4)
  A scorpion (D:4)
  Jessica (D:3)
  An iguana (D:4)
  8 adders
  2 ribbon worms (D:2)
  2 dart slugs
  16 orcs
  7 ball pythons
  11 endoplasms
  A giant cockroach (D:3)
  8 hobgoblins
  2 jackals (D:1)
  4 quokkas
  9 bats
  4 frilled lizards (D:1)
  5 goblins
  13 kobolds
  2 rats (D:2)
98 creatures vanquished.

Notes
Turn   | Place    | Note
-------+----------+-------------------------------------------
     0 | D:1      | Janerl the Minotaur Berserker began the quest for the Orb.
     0 | D:1      | Reached XP level 1. HP: 19/19 MP: 0/0
   322 | D:1      | Reached XP level 2. HP: 27/27 MP: 1/1
   427 | D:1      | Reached skill level 4 in Maces & Flails
   837 | D:1      | Reached XP level 3. HP: 33/33 MP: 2/2
  1100 | D:2      | Reached ** piety under Trog
  1576 | D:2      | Reached skill level 5 in Maces & Flails
  1576 | D:2      | Reached XP level 4. HP: 41/41 MP: 3/3
  2543 | D:3      | Reached *** piety under Trog
  2547 | D:3      | Noticed Jessica
  2569 | D:3      | Killed Jessica
  2570 | D:3      | Reached XP level 5. HP: 27/47 MP: 4/4
  2855 | D:3      | Found a basalt altar of Yredelemnul.
  3015 | D:4      | Reached skill level 6 in Maces & Flails
  3089 | D:4      | Found a runed translucent gate.
  3089 | D:4      | Found a runed translucent gate.
  3089 | D:4      | Found a runed translucent gate.
  3091 | D:4      | Noticed a black bear
  3092 | D:4      | Noticed puppykicker's ghost (amateur MfIE)
  3102 | D:4      | Found a staircase to the Ecumenical Temple.
  3235 | D:4      | Noticed an ogre
  3239 | D:4      | Killed an ogre
  3240 | D:4      | Reached XP level 6. HP: 48/55 MP: 5/5
  3243 | D:4      | Reached skill level 5 in Fighting
  3295 | D:4      | Reached skill level 1 in Throwing
  3325 | D:4      | Found a hide-covered altar of Uskayaw.
  3381 | D:5      | Entered Level 5 of the Dungeon
  3409 | D:5      | Mangled by a sleepcap

Illustrated notes

Levels and vault maps discovered:
D:1:      co_arrival_random_square_maze, layout_loops_corners
D:2:      layout_basic
D:3:      layout_loops_ring, mainiacjoe_overflow_alcove_1, uniq_jessica
D:4:      layout_rooms, nicolae_uskayaw_suspiria, minmay_temple_entry_wispy,
          gammafunk_ghost_split
D:5:      layout_rooms

Skill      XL: |  1  2  3  4  5  6 |
---------------+-------------------+-----
Fighting       | 4 5 |  5.0
Maces & Flails | 4 5 6 |  6.4
Armour         | 3 4 |  4.2
Dodging        | 3 |  3.2
Throwing       | 1 |  1.1
Stealth        | |  0.4

Action                     |  1- 3 |  4- 6 || total
---------------------------+-------+-------++-------
  Melee: Mace              |    85 |   124 ||   209
         Headbutt          |    13 |    20 ||    33
         Punch             |     3 |     2 ||     5
  Throw: Javelin           |       |     3 ||     3
 Armour: Animal skin       |    22 |       ||    22
         Skin              |     4 |       ||     4
         Scale mail        |    34 |    94 ||   128
  Dodge: Dodged            |    53 |    86 ||   139
